Cogmind - Beta 13 X1 @@@ ROGUE MODE // 2023.10.05 @ 16:00:51 Player: Exp. Geonium Core Result: Destroyed by G-67 Veteran with Field Laser Performance ------------- Evolutions (3) 1500 Regions Visited (10) 2000 Robots Destroyed (81) 405 Value Destroyed (2278) 2278 Prototype IDs (239) 4780 Alien Tech Used (0) 0 Bonus (4534) 4534 TOTAL SCORE: 15497 Bonus ------- High Alert Combat Kills 86 Follower Combat Kills 1025 Aligned with FarCom 300 Met Data Miner 300 Used Data Conduit 3000 Friendly Fire -177 Cogmind --------- Core Integrity 0/700 Matter 294/300 Energy 99/100 System Corruption 1% Temperature Cool (46) Movement Core (50) Location -6/Proximity Caves Parts ------- > --- POWER (1) -------- (None) > --- PROPULSION (3) --- (None) > --- UTILITY (6) ------ (None) > --- WEAPON (3) ------- (None) > --- INVENTORY (5) ---- High-capacity Storage Unit Hacking Suite System Mapper Light EM Pulse Cannon EM Pulse Cannon Peak State ------------ > --- POWER ------------ Antimatter Reactor > --- PROPULSION ------- Light Treads Light Treads Advanced Treads > --- UTILITY ---------- Army-in-a-Box > --- WEAPON ----------- Neutron Cannon Neutron Cannon Improved Assault Rifle > --- INVENTORY -------- High-capacity Storage Unit Hacking Suite System Mapper Light EM Pulse Cannon EM Pulse Cannon [Rating: 84] Favorites ----------- Power Ion Engine Engine Ion Engine Power Core Light Nuclear Core Reactor Antimatter Reactor Propulsion Light Treads Treads Light Treads Leg Aluminum Leg Utility Hardened Light Armor Plating Device Army-in-a-Box Storage High-capacity Storage Unit Processor Improved Signal Interpreter Protection Hardened Light Armor Plating Weapon Improved Assault Rifle Energy Gun Heavy EM Shotgun Energy Cannon Neutron Cannon Ballistic Gun Improved Assault Rifle Ballistic Cannon AWS/Autocannon Impact Weapon Makeshift Hammer Build | -11 -10 -10 -10 -9 -8 -7 -7 -7 -7 -6 ------- Run | Jun Mat Min Exi Min Mat Fac Low Low Dat Pro Slots Evolved 6 | . . . . . 4 2 . . . . Power . | . . . . . . . . . . . Propulsion 1 | . . . . . 1 . . . . . Utility 4 | . . . . . 2 2 . . . . Weapon 1 | . . . . . 1 . . . . . Parts Attached 40 | . 7 1 2 1 10 13 . . 3 3 Power 7 | . 2 . . . 1 3 . . 1 . Engine 4 | . 2 . . . . 2 . . . . Core 2 | . . . . . 1 1 . . . . Reactor 1 | . . . . . . . . . 1 . Propulsion 6 | . 2 . . . 3 1 . . . . Treads 6 | . 2 . . . 3 1 . . . . Leg . | . . . . . . . . . . . Wheel . | . . . . . . . . . . . Hover . | . . . . . . . . . . . Flight . | . . . . . . . . . . . Utility 13 | . 2 . 2 . 2 6 . . . 1 Device 4 | . 1 . . . . 2 . . . 1 Storage 2 | . 1 . 1 . . . . . . . Processor 5 | . . . . . 1 4 . . . . Hackware . | . . . . . . . . . . . Protection 2 | . . . 1 . 1 . . . . . Artifact . | . . . . . . . . . . . Weapon 14 | . 1 1 . 1 4 3 . . 2 2 Energy Gun 1 | . . . . . 1 . . . . . Energy Cannon 2 | . . . . . . . . . 2 . Ballistic Gun 8 | . 1 . . 1 1 3 . . . 2 Ballistic Cannon 2 | . . . . . 2 . . . . . Launcher . | . . . . . . . . . . . Special Weapon . | . . . . . . . . . . . Impact Weapon 1 | . . 1 . . . . . . . . Slashing Weapon . | . . . . . . . . . . . Piercing Weapon . | . . . . . . . . . . . Special Melee Weapon . | . . . . . . . . . . . Unidentified Prototypes 4 | . . . . . 2 2 . . . . Parts Lost 9 | . 2 1 . . . 1 . . 1 4 Power 3 | . 1 . . . . 1 . . . 1 Propulsion 4 | . 1 . . . . . . . . 3 Utility . | . . . . . . . . . . . Weapon 2 | . . 1 . . . . . . 1 . Highest Loss Streak 2 | . 1 1 . . . 1 . . 1 2 To Critical Strikes . | . . . . . . . . . . . Average Slot Usage (%) 79 | . 99 92 100 100 80 82 61 61 58 38 Engine 7 | . 14 14 14 14 6 1 7 7 5 . Core 1 | . . . . . 2 5 . . . . Treads 22 | . 10 28 28 28 27 23 23 23 23 9 Leg 2 | . 17 . . . . . . . . . Device 4 | . 14 14 2 . . . 7 7 7 5 Storage 7 | . 14 14 14 14 9 6 . . . . Processor 4 | . . . . . 8 19 . . . . Protection 7 | . . . 11 14 17 10 . . . . Ballistic Gun 14 | . 28 14 14 14 . 9 23 23 18 9 Ballistic Cannon 2 | . . . . . 8 4 . . . . Impact Weapon 3 | . . 7 14 14 . . . . . . Naked Turns 126 | . . . . . . . . . . 126 Heaviest Build 118 | 14 30 31 55 55 115 118 100 100 117 117 Greatest Support 62 | 20 40 40 40 40 62 62 62 62 62 62 Greatest Overweight (x) 1 | . 1 . 1 1 1 1 1 1 1 1 Average Overweight (x) . | . . . . 1 . . 1 1 1 . Largest Inventory Capacity 20 | . 15 15 20 20 20 20 5 5 5 5 Average Capacity 13 | . 13 15 17 20 20 18 5 5 5 5 Most Carried 20 | . 15 15 20 20 20 20 5 5 5 5 Average Carried 13 | . 10 14 16 20 19 17 5 4 4 5 Final Capacity 20 | 8 15 15 20 20 20 5 5 5 5 5 Final Carried 20 | 6 15 15 20 20 20 5 5 4 5 5 Class Distribution -------------------- 37% | Mutant 28% | Gunner 27% | Tank 3% | Scavenger-Tank Dominant Class ---------------- Mutant | -10/Materials Mutant | -10/Mines Mutant | -10/Exiles Mutant | -9/Mines Tank | -8/Materials Tank | -7/Factory Gunner | -7/Lower Caves Gunner | -7/Lower Caves Gunner | -7/Data Miner Scavenger-Tank | -6/Proximity Caves Resources | -11 -10 -10 -10 -9 -8 -7 -7 -7 -7 -6 ----------- Run | Jun Mat Min Exi Min Mat Fac Low Low Dat Pro Matter Collected 1080 | 200 237 10 152 10 91 196 18 37 93 36 Remotely . | . . . . . . . . . . . Salvage Created 2185 | . 340 . . 227 700 761 . 54 8 95 Parts 128 | . 35 . . . 48 36 . 3 1 5 Haulers Intercepted 5 | . 2 . . . 2 1 . . . . Recyclers Shooed 8 | . 4 . . . 3 1 . . . . Parts Field Recycled . | . . . . . . . . . . . Retrieved Matter . | . . . . . . . . . . . Parts Self-Destructed 49 | . . . . . . . 32 14 . 3 Prevented 8 | . . . . . . . 6 1 . 1 Kills | -11 -10 -10 -10 -9 -8 -7 -7 -7 -7 -6 ------- Run | Jun Mat Min Exi Min Mat Fac Low Low Dat Pro Combat Hostiles Destroyed 48 | . 8 . . . 18 18 . 2 . 2 Melee 1 | . . . . . . 1 . . . . Guns 12 | . 8 . . . . 2 . 2 . . Cannons 35 | . . . . . 18 15 . . . 2 Classes Destroyed 14 | . 7 . . 3 2 1 . 1 . . Worker 5 | . 1 . . 1 2 1 . . . . Builder 4 | . . . . 2 1 1 . . . . Tunneler 3 | . . . . 1 1 1 . . . . Hauler 5 | . 2 . . . 2 1 . . . . Recycler 5 | . . . . 2 1 2 . . . . Mechanic 1 | . 1 . . . . . . . . . Operator 2 | . 1 . . . 1 . . . . . Drone 1 | . . . . . . . . 1 . . Watcher 7 | . 2 . . . 3 2 . . . . Swarmer 14 | . 6 . . . 2 4 . 2 . . Grunt 18 | . 2 . . . 8 8 . . . . Sentry 8 | . . . . . 6 2 . . . . Hunter 5 | . . . . . 2 1 . . . 2 Programmer 3 | . . . . . . 3 . . . . Best Kill Streak 5 | . 4 . . 2 5 5 . 2 1 2 Combat Bots Only 4 | . 3 . . . 3 4 . 2 . 2 Max Kills in Single Turn 2 | . 1 . . 1 1 1 . 2 1 1 Gunslinging 1 | . . . . . . . . 1 . . Exploded . | . . . . . . . . . . . Melee 1 | . . . . . . 1 . . . . Uniques/NPCs Destroyed 1 | . . . . . . . . . 1 . Data Miner (-7/Data Miner) Combat | -11 -10 -10 -10 -9 -8 -7 -7 -7 -7 -6 -------- Run | Jun Mat Min Exi Min Mat Fac Low Low Dat Pro Damage Taken 3581 | . 455 60 . . 347 933 60 214 136 1376 Core 808 | . 84 12 . . . 21 3 11 . 677 Absorbed by Shields . | . . . . . . . . . . . Core Remaining (%) 87 | 100 . . . 61 100 . . . . . Volleys Fired 87 | . 52 4 . . . 10 2 6 7 6 Largest 3 | . 2 2 . . . 3 3 3 3 3 Hottest 203 | . 40 40 . . . 69 69 69 69 203 Shots Fired 310 | . 104 5 . . 62 82 6 18 17 16 Gun 187 | . 104 5 . . . 30 6 18 17 7 Cannon 123 | . . . . . 62 52 . . . 9 Launcher . | . . . . . . . . . . . Special . | . . . . . . . . . . . Kinetic 301 | . 104 5 . . 62 82 6 18 17 7 Thermal 9 | . . . . . . . . . . 9 Explosive . | . . . . . . . . . . . Electromagnetic . | . . . . . . . . . . . Robot Hit Streak 23 | . 7 2 . . 16 23 15 4 5 5 Robot Miss Streak 5 | . 5 2 . . 2 3 3 4 2 1 Penetration Max . | . . . . . . . . . . . Secondary Targets 4 | . 2 . . . . . . 2 . . Max Gunslinging Chain 2 | . 1 . . . . . . 2 . . Autonomous 115 | . . . . . 62 53 . . . . Shots Hit Robots 216 | . 57 3 . 7 52 64 3 11 13 6 Core Hits 90 | . 21 1 . . 27 25 2 6 6 2 Critical Kills 1 | . 1 . . . . . . . . . Critical Parts Destroyed 1 | . . . . 1 . . . . . . Critical Strikes 17 | . 1 . . 1 6 9 . . . . Destroy 1 | . 1 . . . . . . . . . Blast 15 | . . . . . 6 9 . . . . Smash 1 | . . . . 1 . . . . . . Melee Attacks 7 | . . . . 7 . . . . . . Impact 7 | . . . . 7 . . . . . . Slashing . | . . . . . . . . . . . Piercing . | . . . . . . . . . . . Sneak Attacks 7 | . . . . 7 . . . . . . Combat Hostiles . | . . . . . . . . . . . Follow-up Attacks . | . . . . . . . . . . . Damage Inflicted 10049 | . 762 36 . 746 3890 3967 74 217 217 140 Guns 1725 | . 730 36 . . . 431 74 217 217 20 Cannons 7120 | . . . . . 3688 3315 . . . 117 Explosions 164 | . . . . . . 164 . . . . Melee 746 | . . . . 746 . . . . . . Ramming 294 | . 32 . . . 202 57 . . . 3 Kinetic 8728 | . 730 36 . . 3688 3746 74 217 217 20 Thermal 117 | . . . . . . . . . . 117 Explosive 164 | . . . . . . 164 . . . . Electromagnetic . | . . . . . . . . . . . Impact 746 | . . . . 746 . . . . . . Slashing . | . . . . . . . . . . . Piercing . | . . . . . . . . . . . Highest Corruption 1 | . . . . . . 1 . 1 1 1 Average Corruption 1 | . . . . . . 1 . 1 1 1 Corruption Purged 1 | . . . . . . 1 . . . . Corruption Blocked . | . . . . . . . . . . . Effects 4 | . . . . . . . . . 1 3 Message Errors 2 | . . . . . . . . . . 2 Matter Fused 1 | . . . . . . . . . . 1 Weapon Failures 1 | . . . . . . . . . 1 . Overload Shots . | . . . . . . . . . . . Overflow Damage 1427 | . . . . 460 435 532 . . . . Projectiles 964 | . . . . . 432 532 . . . . Explosions . | . . . . . . . . . . . Melee 463 | . . . . 460 3 . . . . . Knockbacks 24 | . 1 . . 3 10 10 . . . . Impact 6 | . 1 . . 3 . 2 . . . . Kinetic 16 | . . . . . 8 8 . . . . Secondary 2 | . . . . . 2 . . . . . Self-Inflicted Damage . | . . . . . . . . . . . Shots . | . . . . . . . . . . . Rammed 41 | . 4 . . . 27 9 . . . 1 Targets Rammed 50 | . 6 . . . 32 10 . . 1 1 Kicked 2 | . 2 . . . . . . . . . Crushed 7 | . . . . . 5 1 . . 1 . Highest Temperature 289 | . 2 8 . . 13 110 . 19 . 289 Average Temperature 60 | . 2 7 . . 8 47 . 8 . 91 Received Heat Transfer 925 | . 72 33 . . 144 156 2 54 . 464 Effects 3 | . . . . . . . . . . 3 Interference 3 | . . . . . . . . . . 3 Siege Activations . | . . . . . . . . . . . Robots Corrupted . | . . . . . . . . . . . Combat Hostiles . | . . . . . . . . . . . Parts Fried 6 | . . . . 6 . . . . . . Impact Corruptions 13 | . . . . 10 3 . . . . . Robots Melted . | . . . . . . . . . . . Combat Hostiles . | . . . . . . . . . . . Parts Melted . | . . . . . . . . . . . Heat Transferred . | . . . . . . . . . . . Parts Sabotaged . | . . . . . . . . . . . Parts Stolen 1 | . . . . . . . . 1 . . Parts Stripped . | . . . . . . . . . . . Power Chain Reactions . | . . . . . . . . . . . Missiles Intercepted . | . . . . . . . . . . . Alert | -11 -10 -10 -10 -9 -8 -7 -7 -7 -7 -6 ------- Run | Jun Mat Min Exi Min Mat Fac Low Low Dat Pro Peak Influence 568 | . 180 7 . 92 345 568 . . . . Initial 151 | . . 7 . . 1 151 . . . . Average 161 | . 64 . . 11 157 353 . . . . Maximum Alert Level 2 | . . . . . 1 2 . . . . Low Security (%) 64 | . 100 100 . 100 60 14 . . . . Level 1 25 | . . . . . 39 47 . . . . Level 2 10 | . . . . . . 38 . . . . Level 3 . | . . . . . . . . . . . Level 4 . | . . . . . . . . . . . Level 5 . | . . . . . . . . . . . High Security . | . . . . . . . . . . . Max Security . | . . . . . . . . . . . Squads Dispatched 7 | . 2 . . . 1 4 . . . . Investigation 3 | . 1 . . . 1 1 . . . . Extermination 2 | . . . . . . 2 . . . . Reinforcement 2 | . 1 . . . . 1 . . . . Assault . | . . . . . . . . . . . Garrison . | . . . . . . . . . . . Intercept . | . . . . . . . . . . . Searches Triggered . | . . . . . . . . . . . Construction Impeded . | . . . . . . . . . . . Haulers Reinforced . | . . . . . . . . . . . Active Scanning Responses . | . . . . . . . . . . . Cargo Convoy Interrupts . | . . . . . . . . . . . Stealth | -11 -10 -10 -10 -9 -8 -7 -7 -7 -7 -6 --------- Run | Jun Mat Min Exi Min Mat Fac Low Low Dat Pro Distress Signals 1 | . . . . . 1 . . . . . Communications Jammed . | . . . . . . . . . . . Distress Signals . | . . . . . . . . . . . Times Spotted 107 | . 18 2 . 3 24 20 18 8 4 10 Peak Tracking Total 7 | . 4 2 . 4 3 4 7 4 4 4 Tactical Retreats 7 | . . . . . 3 2 . . . 2 Traps | -11 -10 -10 -10 -9 -8 -7 -7 -7 -7 -6 ------- Run | Jun Mat Min Exi Min Mat Fac Low Low Dat Pro Traps Triggered 8 | . 3 . . . . 5 . . . . Indirectly . | . . . . . . . . . . . Trap Hack Attempts . | . . . . . . . . . . . Triggered . | . . . . . . . . . . . Disarmed . | . . . . . . . . . . . Reprogrammed . | . . . . . . . . . . . Reused . | . . . . . . . . . . . Traps Extracted . | . . . . . . . . . . . Installed . | . . . . . . . . . . . Triggered 1 | . . . . . . . . . . 1 Machines | -11 -10 -10 -10 -9 -8 -7 -7 -7 -7 -6 ---------- Run | Jun Mat Min Exi Min Mat Fac Low Low Dat Pro Machines Disabled 6 | . . . . . . 5 1 . . . Max in Single Turn 3 | . . . . . . 3 . . . . Machines Repaired . | . . . . . . . . . . . Machines Sabotaged . | . . . . . . . . . . . Overloaded Fab Kills . | . . . . . . . . . . . Hacking | -11 -10 -10 -10 -9 -8 -7 -7 -7 -7 -6 --------- Run | Jun Mat Min Exi Min Mat Fac Low Low Dat Pro Machines Accessed 20 | . 3 . 2 . 7 4 . . 4 . Terminals 12 | . 3 . . . 6 3 . . . . Fabricators . | . . . . . . . . . . . Repair Stations . | . . . . . . . . . . . Recycling Units 1 | . . . . . 1 . . . . . Scanalyzers . | . . . . . . . . . . . Garrison Access 1 | . . . . . . 1 . . . . Total Hacks 78 | . 15 . 2 . 19 9 . . 33 . Successful 53 | . 5 . 2 . 11 2 . . 33 . Failed 24 | . 9 . . . 8 7 . . . . Catastrophic 8 | . 1 . . . 4 3 . . . . Database Lockouts 1 | . 1 . . . . . . . . . Manual 36 | . 13 . 1 . 15 7 . . . . Terminals 39 | . 15 . . . 16 8 . . . . Fabricators . | . . . . . . . . . . . Repair Stations . | . . . . . . . . . . . Recycling Units 3 | . . . . . 3 . . . . . Scanalyzers . | . . . . . . . . . . . Garrison Access 1 | . . . . . . 1 . . . . Terminal Hacks 47 | . 3 . 2 . 8 1 . . 33 . Record 13 | . . . 1 . 1 . . . 11 . Part Schematic 13 | . . . . . 1 . . . 12 . Robot Schematic 9 | . 1 . . . 1 . . . 7 . Robot Analysis 1 | . . . . . 1 . . . . . Prototype ID Bank 3 | . . . . . . . . . 3 . Level Access Points 1 | . . . . . 1 . . . . . Branch Access Points 3 | . 1 . . . 1 1 . . . . Recycling Unit Index 1 | . . . . . 1 . . . . . Recall Reinforcements 1 | . 1 . . . . . . . . . Hauler Manifests 1 | . . . . . 1 . . . . . Derelict Proto ID Bank 1 | . . . 1 . . . . . . . Fabricator Hacks . | . . . . . . . . . . . Repair Station Hacks . | . . . . . . . . . . . Recycling Unit Hacks 1 | . . . . . 1 . . . . . Report Inventory 1 | . . . . . 1 . . . . . Scanalyzer . | . . . . . . . . . . . Garrison Access Hacks . | . . . . . . . . . . . Unauthorized Hacks 5 | . 2 . . . 2 1 . . . . Terminals 4 | . 2 . . . 1 1 . . . . Botnet 4 | . 2 . . . 1 1 . . . . Fabricators . | . . . . . . . . . . . Repair Stations . | . . . . . . . . . . . Recycling Units 1 | . . . . . 1 . . . . . Tunnel 1 | . . . . . 1 . . . . . Scanalyzers . | . . . . . . . . . . . Garrison Access . | . . . . . . . . . . . Data Cores Recovered . | . . . . . . . . . . . Used . | . . . . . . . . . . . Hacking Detections 13 | . 3 . . . 6 4 . . . . Full Trace Events . | . . . . . . . . . . . Feedback Events . | . . . . . . . . . . . Feedback Blocked . | . . . . . . . . . . . Robot Schematics Acquired 9 | . 1 . . . 1 . . . 7 . Robots Built . | . . . . . . . . . . . Authchips . | . . . . . . . . . . . Time . | . . . . . . . . . . . Total Robot Build Rating . | . . . . . . . . . . . Part Schematics Acquired 13 | . . . . . 1 . . . 12 . Parts Built . | . . . . . . . . . . . Authchips . | . . . . . . . . . . . Time . | . . . . . . . . . . . Total Part Build Rating . | . . . . . . . . . . . Parts Repaired . | . . . . . . . . . . . Time . | . . . . . . . . . . . Parts Recycled . | . . . . . . . . . . . Recycled Matter . | . . . . . . . . . . . Retrieved Matter . | . . . . . . . . . . . Retrieved Components . | . . . . . . . . . . . Parts Scanalyzed . | . . . . . . . . . . . Part Schematics Acquired . | . . . . . . . . . . . Parts Damaged . | . . . . . . . . . . . Bothacking | -11 -10 -10 -10 -9 -8 -7 -7 -7 -7 -6 ------------ Run | Jun Mat Min Exi Min Mat Fac Low Low Dat Pro Used RIF Installer . | . . . . . . . . . . . Robots Hacked . | . . . . . . . . . . . Non-combat . | . . . . . . . . . . . Combat . | . . . . . . . . . . . Robot Hacks Applied . | . . . . . . . . . . . Relay Couplers Released . | . . . . . . . . . . . Fabnet Peak Effective % . | . . . . . . . . . . . Robots Rewired . | . . . . . . . . . . . Allies Hacked . | . . . . . . . . . . . Hacks Repelled . | . . . . . . . . . . . Allies | -11 -10 -10 -10 -9 -8 -7 -7 -7 -7 -6 -------- Run | Jun Mat Min Exi Min Mat Fac Low Low Dat Pro Total Allies 3 | . . . . 3 . . . . . . Largest Group 3 | . . . . 3 2 . . . . . Highest-Rated Group 40 | . . . . 40 24 . . . . . Highest-Rated Ally 16 | . . . . 16 16 . . . . . Total Orders 25 | . . . . . . 6 11 7 . 1 ROAM 2 | . . . . . . . . 1 . 1 FOLLOW 1 | . . . . . . . . 1 . . EXPLORE 2 | . . . . . . . 2 . . . RETURN 20 | . . . . . . 6 9 5 . . Ally Attacks 346 | . . . . 13 10 . 109 140 68 6 Total Damage 4555 | . . . . 152 84 . 1340 1866 1038 75 Kills 48 | . . . . 4 1 . 21 15 7 . Allies Corrupted . | . . . . . . . . . . . Allies Melted . | . . . . . . . . . . . Intel | -11 -10 -10 -10 -9 -8 -7 -7 -7 -7 -6 ------- Run | Jun Mat Min Exi Min Mat Fac Low Low Dat Pro Robot Analysis Total 135 | . . . . . 1 . . . 134 . Derelict Logs Recovered 2 | . . . . 1 . . . . . 1 Drone Launches 79 | . . . . . . 50 23 6 . . Drone Recoveries 49 | . . . . . . 35 9 5 . . Exploration | -11 -10 -10 -10 -9 -8 -7 -7 -7 -7 -6 ------------- Run | Jun Mat Min Exi Min Mat Fac Low Low Dat Pro Turns Passed 8356 | . 1006 220 971 744 1459 1301 1217 535 330 573 Spaces Moved 3672 | 1 480 131 494 304 555 514 465 204 128 396 Core 219 | . . . . . . . . . . 219 Treads 3165 | . 193 131 494 304 555 514 465 204 128 177 Legs 288 | 1 287 . . . . . . . . . Wheels . | . . . . . . . . . . . Hover . | . . . . . . . . . . . Flight . | . . . . . . . . . . . Fastest Speed 50 | 120 120 160 160 240 160 155 235 235 235 50 Average Speed 204 | 120 167 160 193 240 238 211 235 235 235 130 Slowest Speed 240 | 120 190 160 240 240 240 235 235 235 235 240 Overloaded Moves . | . . . . . . . . . . . Propulsion Burnouts . | . . . . . . . . . . . Robots Hopped . | . . . . . . . . . . . Cave-ins Triggered . | . . . . . . . . . . . Exploration Rate (%) 52 | 2 74 26 70 62 55 18 91 46 79 56 Regions Visited 10 Branch Regions 7 Pre-discovered Areas 26 | . . . 1 1 1 . . . 22 1 Known Exits Taken 3 | . 1 . . . 1 1 . . . . Unknown Exits Taken 7 | 1 . 1 1 1 . . 1 1 1 . Scrap Searched 8 | . . . . 1 . . 2 4 . 1 Spaces Dug 2 | . . . . . . . . . . 2 Terrain Destroyed 59 | . . . . . 14 39 . . . 6 Melee . | . . . . . . . . . . . Projectile 32 | . . . . . 14 12 . . . 6 AOE 27 | . . . . . . 27 . . . . Terrain Rammed . | . . . . . . . . . . . Walls Destroyed . | . . . . . . . . . . . Machines Disabled . | . . . . . . . . . . . Actions | -11 -10 -10 -10 -9 -8 -7 -7 -7 -7 -6 --------- Run | Jun Mat Min Exi Min Mat Fac Low Low Dat Pro Total 4303 | . 575 137 516 314 648 698 586 247 141 441 Wait 357 | . 12 . . . 33 126 120 38 . 28 Move 3662 | . 479 130 493 303 554 513 464 203 127 396 Hop . | . . . . . . . . . . . Pick Up 41 | . 14 1 9 1 8 7 . . 1 . Fast Attach 17 | . 2 1 . . 3 6 . . 3 2 Attach 11 | . 2 . . . 4 5 . . . . Detach 2 | . . . . . 1 1 . . . . Swap 12 | . 3 . 2 1 3 2 . . . 1 Drop 51 | . 5 1 12 2 10 12 . . 2 7 Fire 87 | . 52 4 . . . 10 2 6 7 6 Melee 7 | . . . . 7 . . . . . . Ram . | . . . . . . . . . . . Kick 2 | . 2 . . . . . . . . . Crush 48 | . 4 . . . 32 10 . . 1 1 Escape Stasis 6 | . . . . . . 6 . . . . Rewire . | . . . . . . . . . . . Trap . | . . . . . . . . . . . Miscellaneous . | . . . . . . . . . . . Route ------- -11/Junkyard -10/Materials (discovered 4 exits: [*Mat x2] / *Min x2) -10/Mines -10/Exiles -9/Mines -8/Materials (discovered 3 exits: *Fac x3) -7/Factory (discovered 4 exits: Sto x2 / *Low x2) -7/Lower Caves -7/Lower Caves -7/Data Miner -6/Proximity Caves History --------- Turn | Location | Event 1 | -11/Junkyard | Discovered new exit (range 0) 1 | -11/Junkyard | Entered Materials 313 | -10/Materials | Build established: Mutant 525 | -10/Materials | Discovered new exit (range 16) 733 | -10/Materials | Central database locked down 815 | -10/Materials | Discovered new exit (range 13) 823 | -10/Materials | Discovered new exit (range 14) 913 | -10/Materials | Identified exit to Mines 1007 | -10/Materials | Entered Mines 1008 | -10/Mines | Assembled infested the area 1013 | -10/Mines | Assisted by a Guerilla fighting off Assembled 1111 | -10/Mines | A weapon hastily lodged in a ceiling crevice suddenly fell to the ground 1221 | -10/Mines | Deemed a non-threat by the Exiles lab entrance 1221 | -10/Mines | Discovered new exit (range 5) 1227 | -10/Mines | Entered Exiles 1266 | -10/Exiles | Met 8R-AWN 1293 | -10/Exiles | Met EX-HEX 1339 | -10/Exiles | Met EX-BIN 1359 | -10/Exiles | Aligned with FarCom system 1360 | -10/Exiles | Given EX-Vault access code 1400 | -10/Exiles | Opened EX-Vault 1416 | -10/Exiles | Found Field Lobotomy Kit 1424 | -10/Exiles | Found Army-in-a-Box 1450 | -10/Exiles | Found AWS/Autocannon 1488 | -10/Exiles | Warned to stay clear of 0b10 Research branches 1538 | -10/Exiles | Met EX-DEC 1544 | -10/Exiles | Learned location of Zion (-6) 2179 | -10/Exiles | Discovered new exit (range 10) 2198 | -10/Exiles | Stole three prototypes: Army-in-a-Box, AWS/Autocannon, Field Lobotomy Kit 2198 | -10/Exiles | Entered Mines 2245 | -9/Mines | Assisted by bots powering up and referring to "LRC-V3" 2279 | -9/Mines | Received a Rocket Launcher from a helpful Derelict 2438 | -9/Mines | Learned location of Storage (-7) 2680 | -9/Mines | Discovered new exit (range 13) 2733 | -9/Mines | Learned location of 1 exit from Materials 2942 | -9/Mines | Entered Materials 2942 | -8/Materials | Accompanied by 2 allies 2942 | -8/Materials | Evolved 4 slots: Propulsion x1, Utility x2, Weapon x1 2943 | -8/Materials | Identified exit to Factory 3323 | -8/Materials | Build established: Tank 4401 | -8/Materials | Entered Factory 4401 | -7/Factory | Evolved 2 slots: Utility x2 4403 | -7/Factory | FarCom data flow suspended 5436 | -7/Factory | Identified exit to Storage 5436 | -7/Factory | Identified exit to Lower Caves 5702 | -7/Factory | Entered Lower Caves 5702 | -7/Lower Caves | Accompanied by 15 allies 5846 | -7/Lower Caves | Build established: Gunner 6715 | -7/Lower Caves | Discovered new exit (range 23) 6735 | -7/Lower Caves | Attracted the attention of an 0b10 base 6919 | -7/Lower Caves | Entered another Lower Caves area 6919 | -7/Lower Caves | Accompanied by 19 allies 7383 | -7/Lower Caves | Spotted 55-W04(f) 7383 | -7/Lower Caves | Spotted TT-WN2(f) 7384 | -7/Lower Caves | Spotted IP-KR4(f) 7385 | -7/Lower Caves | Encountered a Master Thief 7385 | -7/Lower Caves | Encountered a Master Thief 7385 | -7/Lower Caves | Encountered a Master Thief 7389 | -7/Lower Caves | Field Lobotomy Kit stolen by Master Thief 7393 | -7/Lower Caves | Allies destroyed 55-W04(f) 7409 | -7/Lower Caves | Allies destroyed TT-WN2(f) 7431 | -7/Lower Caves | Discovered new exit (range 9) 7454 | -7/Lower Caves | Entered Data Miner 7454 | -7/Data Miner | Accompanied by 9 allies 7454 | -7/Data Miner | Discovered new exit (range 6) 7499 | -7/Data Miner | Met Data Miner 7565 | -7/Data Miner | Acquired the access code to Warlord's prototype stash 7565 | -7/Data Miner | Learned location of Section 7 (-2) 7586 | -7/Data Miner | Received God Mode back door access code from Data Miner 7607 | -7/Data Miner | Destroyed Data Miner 7607 | -7/Data Miner | Interfaced with the Data Conduit 7662 | -7/Data Miner | Found Prototype Hackware 7784 | -7/Data Miner | Entered Proximity Caves 7784 | -6/Proximity Caves | Accompanied by 3 allies 8180 | -6/Proximity Caves | Spotted B-75 Beast 8242 | -6/Proximity Caves | Core integrity fell below 50% 8291 | -6/Proximity Caves | Core integrity fell below 20% 8332 | -6/Proximity Caves | Attracted the attention of an 0b10 checkpoint 8357 | -6/Proximity Caves | Destroyed by G-67 Veteran with Field Laser Last Messages --------------- 07953_ Acquired Imp. Assault Rifle. 07970_ FSG9RHBA//N,2CU#8%7CZR>6KKQW,,WWZ3 07993_ Searching scrap... 07993_ Found Hcp. Storage Unit. 07993_ Found 25 Matter. 07994_ Acquired 22 matter. 08150_ System corrupted: Matter fused (-5). 08184_ Antimatter Reactor destroyed. 08201_ Critical hit (Meltdown: +310). 08212_ Slug penetrates Wall. 08225_ Dropped Gauss Rifle. 08226_ Dropped Imp. Assault Rifle. 08227_ Dropped Neutron Cannon. 08229_ Dropped Phase Shifter. 08231_ Lgt. Treads destroyed. 08313_ Acquired 3 matter. 08326_ Acquired derelict log, extracted data. World map confirmed: -6/Zion. 08332_ Y-54 Guardian: "INTERCEPTING UNREGISTERED DERELICT." 08357_ Critical hit (Burn: +50). Map ----- +----------------------------------------------------+ | ?????????????????????????????????????????????????? | | ?????????????????????????????????????????????????? | | ?????????????????????????????????????????????????? | | ?????????????????????????????????????????????????? | | ?????????????????????????????????????????????????? | | ?????????????????????????????????????????????????? | | ?????????????????????????????????????????????????? | | ?????????????????????????????????????????????????? | | ?????????????????????????????????????????????????? | | ?????????????????????????????????????????????????? | | ?????????????????????????????????????????????????? | | ?????????????????????????????????????????????????? | | ?????????????????????????????????????????????????? | | ?????????????????????????????????????????????????? | | ?????????????????????????????????????????????????? | | ?????????????????????????????????????????????????? | | ??????????????????????????????#??????????????????? | | ????????????????????????????? ##?????????????????? | | ????????????????????????????? #####?????????????? | | ???????????###?????????????? ##????????????? | | ??????????## #????#####????? #????????????? | | ??????????# ###### #???? #?????????????? | | ??????????# ##??# #???????????????? | | ?????????## ### #???????????????? | | ?????????# ## ## g #????????????????? | | ?????????# ### #####g g@ #????????????????? | | ????????## ##?# #???# #??????????? | | ???????## #### ##??# #???????????? | | ???????# #??# ###???????????? | | ???????## #??# #?????????????? | | ????????## ## #?? ???????????? | | ?????????# #### #?##### ??????????? | | ?????????# #??# #?????## ??????????? | | ?????????# #### ##?????? ???????????? | | ?????????# ####???# ???????????? | | ????# $ ### #????# ????????????? | | ??????? ??## #?????# ????????###?? | | ??????? ???# ##??????# ## ????????## ##? | | ??????? ???# ##????????####??????????# "#? | | ??????? ?### #??######??????????????## %## | | ?????? ## ### #??# ##???????????### % # | | ?????? #?# #### ###?????????# # | | ???????? ## #?????????## % | | ??????? ##### ##??????????#### | | ?????? ### #?# ## ###?????????????# | | ????????? #???# #### #?### ????????????## | | ????????# #????## #???# #???????????## | | ????????#?????## #######???# #???????????# | | ??????????????# ##?????????# #??????????## | | ??????????????# #?????????## #??????##### | +----------------------------------------------------+ Best States ------------- Heat Dissipation 34 Energy Generation 21 Energy Capacity 325 Matter Stores 300 Matter Capacity 300 Sight Range 16 Terrain Scan Density 10 Armor Coverage 300 Phase Shifting 5 Evasion (%) 55 Targeting Accuracy 5 Target Analysis 5 Recoil Reduction 3 Item Schematics ----------------- Hcp. Storage Unit | -8/Materials | Hacked Combat Drone Bay | -7/Data Miner | Free Lgt. Regenerative Plating | -7/Data Miner | Free Biomechanical Wings | -7/Data Miner | Free Gravity Neutralizer | -7/Data Miner | Free Cld. Plasma Cannon | -7/Data Miner | Free Field Propulsion Drive | -7/Data Miner | Free Imp. Recalibrator | -7/Data Miner | Free Tesla Rifle | -7/Data Miner | Free Imp. Target Analyzer | -7/Data Miner | Free Recoil Nullifier | -7/Data Miner | Free Imp. Cloaking Device | -7/Data Miner | Free Imp. Force Field | -7/Data Miner | Free Robot Schematics ------------------ O-16 Technician | -10/Materials | Hacked S-10 Pest | -8/Materials | Hacked B-48 Gladiator | -7/Data Miner | Free M-22 Extractor | -7/Data Miner | Free R-10 Processor | -7/Data Miner | Free E-15 Imp | -7/Data Miner | Free S-27 Virus | -7/Data Miner | Free Y-54 Guardian | -7/Data Miner | Free H-66 Slayer | -7/Data Miner | Free Fabricated ------------ Nothing Alien Tech Used ----------------- None Achievements -------------- None Challenges ------------ None Game ------ Seed SwarmInsulatedWheel Manual? 0 Play Time 00:47:48 Cumulative 458.8 hours Start 2023.10.05 @ 15:04:44 End 2023.10.05 @ 16:00:51 Sessions 1 Manual Loads 0 Difficulty Rogue Special Mode None Game No. 509 Rogue 509 Adventurer 0 Explorer 0 Win Type - Total 12 Types 8/0/3/1/0/0/0/0/0 Lore% 82 Gallery% 90 Achievement% 80 Wizard Run 0 Options --------- ASCII 0 Keyboard 0 Movement Numpad Keybinds 0 Fullscreen 1 Font 18/Terminus Map View 76x50 Tactical HUD 1 Map Filters NONE Filters NONE Steam 1 RUN: 1000ee25-273a-44db-bcd8-5482dfd1d9be